 Dungeon Crawl Stone Soup version 0.29-a0-474-gdfe5cd140f (webtiles) character file.

Game seed: 12013323741152700272

317 Gargoyl the Skirmisher (level 6, -2/39 HPs)
             Began as a Gargoyle Berserker on May 24, 2022.
             Was a Believer of Trog.
             Slain by a wight
             ... wielding a +4 battleaxe
              (13 damage)
             ... on level 4 of the Dungeon.
             The game lasted 00:03:39 (3385 turns).

Gargoyl the Skirmisher (Gargoyle Berserker)         Turns: 3385, Time: 00:03:40

Health: -2/39      AC: 13    Str: 24    XL:     6   Next: 44%
Magic:  6/6        EV:  9    Int: 12    God:    Trog [**....]
Gold:   143        SH: 12    Dex: 11    Spells: 5/5 levels left

rFire   . . .      SeeInvis .   i - +3 war axe "Gounkix" {drain, Str+3 Int+5}
rCold   . . .      Faith    .   m - +0 kite shield
rNeg    + . .      Spirit   .   e - +0 ring mail
rPois   ∞          Reflect  +   d - +2 helmet
rElec   +          Harm     .   (no cloak)
rCorr   .          Rampage  .   (no gloves)
Will    .....                   (no boots)
Stlth   +.........              s - amulet of reflection
HPRegen 0.13/turn               (no ring)
MPRegen 0.10/turn               (no ring)

@: no status effects
A: sickness immunity, AC +4, negative energy resistance 1, electricity
resistance, torment resistance 1, petrification resistance
a: Renounce Religion, Berserk, Trog's Hand


You were on level 4 of the Dungeon.
You worshipped Trog.
Trog was pleased with you.
You visited 1 branch of the dungeon, and saw 4 of its levels.

You collected 143 gold pieces.

Inventory:

Hand Weapons
 a - a +1 hand axe
 i - the +3 war axe "Gounkix" (weapon) {drain, Str+3 Int+5}
   (You found it on level 2 of the Dungeon)

   A truly terrible weapon, it drains the life of any living foe it strikes.
   Str:       It affects your strength (+3).
   Int:       It affects your intelligence (+5).
 k - the +7 whip "Omelette" {holy, *Noise rPois rC+ rCorr}
   (You found it on level 2 of the Dungeon)

   It has been blessed by the Shining One to cause great damage to the undead
   and demons.
   rC:        It protects you from cold.
   rPois:     It protects you from poison.
   *Noise:    It may make noises in combat.
   rCorr:     It protects you from acid and corrosion.
Missiles
 q - a throwing net (quivered)
Armour
 d - a +2 helmet (worn)
 e - a +0 ring mail (worn)
 m - a +0 kite shield (worn)
Jewellery
 n - a ring of ice
 s - an amulet of reflection (around neck)
Wands
 t - a wand of paralysis (8)
Scrolls
 j - a scroll of identify
 o - a scroll of fog
 u - a scroll of fear
 w - a scroll of blinking
 x - a scroll of teleportation
Potions
 b - 3 potions of flight
 c - a potion of heal wounds
 f - 2 potions of magic {unknown}
 g - 3 potions of might {unknown}
 h - a potion of lignification {unknown}
 l - 2 potions of haste {unknown}
 p - 2 potions of brilliance {unknown}


   Skills:
 + Level 4.3 Fighting
 + Level 4.3 Axes
 + Level 3.4 Armour
 + Level 2.5 Dodging
 + Level 0.6 Stealth
 + Level 2.1 Shields


You had 5 spell levels left.
You didn't know any spells.
Your spell library was empty.

Dungeon Overview and Level Annotations

Branches:
Dungeon (4/15)
 Temple: D:4-7

Altars:
Nemelex Xobeh
The Shining One

Shops:
D:2 (


Innate Abilities, Weirdness & Mutations

You are immune to sickness and miasma.
Your stone body is resilient. (AC +4)
You are immune to poison.
You resist negative energy. (rN+)
You are resistant to electric shocks. (rElec)
You are resistant to unholy torment.
You are immune to petrification.


Message History

You slash the goblin!
You kill the goblin!
Trog accepts your kill.
Things that are here:
a +0 club; a goblin corpse Unknown command.
Unknown command.
j - a scroll of identify
Things that are here:
a +0 club; a goblin corpse
n - a ring of ice
o - a scroll of fog A wight comes into view.
It is wielding a +2 vorpal hand axe.
A wight is nearby!
A wight is nearby!
A wight is nearby!
A wight comes into view. It is wielding a +4 battleaxe.
A wight comes into view. It is wielding a +0 battleaxe.
You slash the wight!
The wight is heavily damaged.
You block the wight's attack.
You slash the wight!
You destroy the wight!
Trog accepts your kill.
Your Shields skill increases to level 2!
Unknown command.
The wight hits you with a +4 battleaxe!
Items here: $ ) ? [.
You hit the wight but do no damage. The wight hits you with a +4 battleaxe.
Unknown command.
You hit the wight but do no damage. You completely miss the wight.
You block the wight's attack. x2; The wight hits you with a +4 battleaxe!
The wight hits you with a +0 battleaxe.
* * * LOW HITPOINT WARNING * * *
You hit the wight but do no damage. You barely miss the wight.
The wight hits you but does no damage. You block the wight's attack.
Unknown command.
You closely miss the wight. You hit the wight but do no damage.
The wight hits you with a +4 battleaxe!
You die...

......#**.....####..## ****,,,*,*
......##*#..........##### *****,*
.......# #...........##.### *,*
.......# #............)...#****,*
.......###...........#..#.#,,*,,*
.......##....>......###.....,,,**
.....................##.....#***
....................####..#<#
...............z@....########
....)...>......z......#*
..........#............#
#.#.....####....####.###
..#..[.####...### ###
......##......# ..#...##.###.##
####......#### ##..##.##


You could see 2 wights.

Vanquished Creatures
  A scorpion (D:4)
  A wight (D:4)
  An orc priest (D:4)
  An iguana (D:4)
  3 adders
  4 gnolls (D:3)
  3 dart slugs
  8 orcs
  3 ball pythons
  3 bats
  3 endoplasms
  6 giant cockroaches
  5 goblins
  7 hobgoblins
  3 jackals (D:3)
  A quokka (D:1)
  10 kobolds
  13 rats
76 creatures vanquished.

Notes
Turn   | Place    | Note
-------+----------+-------------------------------------------
     0 | D:1      | Gargoyl the Gargoyle Berserker began the quest for the Orb.
     0 | D:1      | Reached XP level 1. HP: 14/14 MP: 1/1
   844 | D:1      | Reached XP level 2. HP: 17/19 MP: 2/2
  1434 | D:2      | Reached XP level 3. HP: 21/24 MP: 3/3
  1469 | D:2      | Found Maxobeih's Weapon Shoppe.
  1874 | D:2      | Identified the +3 war axe "Gounkix" {drain, Str+3 Int+5}
  1914 | D:2      | Identified the +7 whip "Omelette" {holy, *Noise rPois rC+
                  | rCorr}
  2206 | D:3      | Found a sparkling altar of Nemelex Xobeh.
  2233 | D:3      | Reached ** piety under Trog
  2300 | D:3      | Found a glowing golden altar of the Shining One.
  2376 | D:3      | Reached XP level 4. HP: 26/29 MP: 4/4
  2495 | D:3      | Reached skill level 1 in Shields
  2896 | D:3      | Reached XP level 5. HP: 33/33 MP: 5/5
  3114 | D:4      | Reached XP level 6. HP: 39/39 MP: 6/6
  3385 | D:4      | Slain by a wight

Illustrated notes

Levels and vault maps discovered:
D:1:      dpeg_arrival_ratfight, layout_loops_ring
D:2:      layout_basic, serial_shops, nicolae_shop_window_shopping,
          serial_park_tiny_pond
D:3:      layout_rooms, tso_oasis_becter, mainiacjoe_overflow_surrounded_room,
          minmay_close_crescents
D:4:      layout_cave_pools, zin_scriptorium

Skill      XL: |  1  2  3  4  5  6 |
---------------+-------------------+-----
Axes           | 3 4 |  4.3
Fighting       | 4 |  4.3
Dodging        | 2 |  2.5
Shields        | 1 2 |  2.1
Armour         | 3 |  3.4
Stealth        | |  0.6

Action                   |  1- 3 |  4- 6 || total
-------------------------+-------+-------++-------
Melee: Hand axe          |   101 |       ||   101
       Punch             |     1 |       ||     1
       War axe           |    24 |    85 ||   109
Invok: Berserk           |     1 |     1 ||     2
       Trog's Hand       |       |     1 ||     1
  Use: Scroll            |     5 |     7 ||    12
Armor: Animal skin       |     4 |       ||     4
       Ring mail         |    65 |    47 ||   112
Dodge: Dodged            |    77 |    35 ||   112
Block: Kite shield       |     9 |    68 ||    77
       Reflection        |       |     2 ||     2

Table legend: (Time is in decaauts)
 A = Elapsed time spent in this place.
 B = Non-inter-level travel time spent in this place.
 C = Inter-level travel time spent in this place.
 D = Time resting spent in this place.
 E = Time spent auto-exploring this place.
 F = Levels seen in this place.
 G = Mean time per level.
                   A        B        C        D        E       F      G
               +--------+--------+--------+--------+--------+-----+--------+
         Total |   3470 |   3435 |     35 |      0 |   2711 |   4 |  867.5 |
       Dungeon |   3470 |   3435 |     35 |      0 |   2711 |   4 |  867.5 |
               +--------+--------+--------+--------+--------+-----+--------+

Top non-repeatable levels by time:
     D:1: 1392 daAuts
     D:3: 875 daAuts
     D:2: 796 daAuts
     D:4: 405 daAuts
